 Dungeon Crawl Stone Soup version 0.29.1-15-g9cfb28693d (webtiles) character file.

Game seed: 16649604959501381352

16911 melkoren the Cleaver (level 12, -38/181 HPs)
             Began as a Pale Draconian Berserker on Feb 22, 2023.
             Was a High Priest of Trog.
             Killed from afar by FexLirch's ghost (52 damage)
             ... with a stone arrow
             ... on level 2 of the Lair of Beasts.
             The game lasted 00:32:51 (14336 turns).

melkoren the Cleaver (Pale Draconian Berserker)    Turns: 14336, Time: 00:32:51

Health: -38/181    AC: 13    Str: 27    XL:     12   Next: 14%
Magic:  0/21       EV: 16    Int:  9    God:    Trog [*****.]
Gold:   782        SH:  6    Dex: 14    Spells: 11/11 levels left

rFire   x . .      SeeInvis +   q - +3 battleaxe (flame)
rCold   . . .      Faith    .   (shield currently unavailable)
rNeg    . . .      Spirit   +   (body armour unavailable)
rPois   +          Reflect  .   e - +1 hat
rElec   .          Harm     .   M - +0 cloak
rCorr   +          Rampage  .   s - +1 pair of gloves "Kufuna" {Str+5 Int+2}
Will    .....                   r - +0 pair of boots of the Desert {rPois rF- rCorr MP+9}
Stlth   ..........              l - amulet of guardian spirit
HPRegen 0.40/turn               h - ring of flight
MPRegen 0.17/turn               v - ring of see invisible

@: berserking (expiring), flying, unable to read, very quick
A: breathe steam, AC +8, unfitting armour, cold-blooded, steam resistance, large
bone plates 2, robust 1, inability to read after injury 1
a: Breathe Steam, Renounce Religion, Berserk, Trog's Hand, Brothers in Arms


You were on level 2 of the Lair of Beasts.
You worshipped Trog.
Trog was extremely pleased with you.
You visited 2 branches of the dungeon, and saw 10 of its levels.

You collected 782 gold pieces.

Inventory:

Hand Weapons
 a - a +0 hand axe of electrocution
 i - the +7 short sword of Calamity {freeze, Fly rElec rF+ Int+2}
   (You took it off an orc on level 3 of the Dungeon)

   It freezes those it strikes, dealing additional cold damage.
   It can also slow down cold-blooded creatures.
   Int:       It affects your intelligence (+2).
   rF:        It protects you from fire.
   rElec:     It insulates you from electricity.
   Fly:       It grants you flight.
 q - a +3 battleaxe of flaming (weapon)
 x - a +4 dagger of distortion
 A - a -1 demon whip of venom
Missiles
 j - 14 boomerangs (quivered)
 K - 2 throwing nets
Armour
 e - a +1 hat (worn)
 r - the +0 pair of boots of the Desert (worn) {rPois rF- rCorr MP+9}
   (You found it on level 6 of the Dungeon)

   rF:        It makes you vulnerable to fire.
   rPois:     It protects you from poison.
   MP:        It affects your magic capacity (+9).
   rCorr:     It protects you from acid and corrosion.
 s - the +1 pair of gloves "Kufuna" (worn) {Str+5 Int+2}
   (You found it on level 6 of the Dungeon)

   Str:       It affects your strength (+5).
   Int:       It affects your intelligence (+2).
 y - a +1 pair of boots
 M - a +0 cloak (worn)
Jewellery
 f - an amulet of faith
 h - a ring of flight (left hand)
 l - an amulet of guardian spirit (around neck)
 t - an amulet of the acrobat
 v - a ring of see invisible (right hand)
Wands
 d - a wand of iceblast (1)
 k - a wand of paralysis (12)
 p - a wand of flame (31)
 z - a wand of digging (8)
 D - a wand of acid (8)
 N - a wand of polymorph (6)
Scrolls
 m - 8 scrolls of identify
 o - 2 scrolls of butterflies
 E - 3 scrolls of fear
 F - a scroll of vulnerability {unknown}
 G - a scroll of enchant weapon {unknown}
 I - 2 scrolls of immolation
 J - 2 scrolls of magic mapping
 L - a scroll of teleportation
Potions
 b - 2 potions of might
 c - a potion of berserk rage
 g - a potion of resistance
 n - 5 potions of curing
 u - 3 potions of magic {unknown}
 w - a potion of ambrosia
 B - a potion of degeneration {unknown}
 C - 3 potions of brilliance {unknown}
 H - 2 potions of flight {unknown}


   Skills:
 + Level 11.4 Fighting
 * Level 14.3 Axes
 + Level 9.7 Dodging
 - Level 2.0 Shields


You had 11 spell levels left.
You didn't know any spells.
Your spell library was empty.

Dungeon Overview and Level Annotations

Branches:
Dungeon (8/15)             Temple (0/1) D:5            Lair (2/5) D:8
 Shoals (0/4) Lair:2       Spider (0/4) Lair:2

Altars:
Dithmenos
Qazlal
Trog
Uskayaw
Vehumet
Wu Jian
Yredelemnul
The Shining One

Shops:
D:6 :

Annotations:
Lair:2 FexLirch's ghost, journeyman DgIE


Innate Abilities, Weirdness & Mutations

You can breathe blasts of scalding, opaque steam.
Your pale cyan-grey scales are hard. (AC +8)
You cannot fit into any form of body armour.
You are cold-blooded and may be slowed by cold attacks.
You are immune to the effects of steam.
You are mostly covered in large bone plates. (SH +6)
You are robust. (+10% HP)
You occasionally lose the ability to read scrolls when taking damage.


Message History

Your tail-slap misses FexLirch's ghost.
FexLirch's ghost is moderately damaged.
FexLirch's ghost freezes you.
You are frozen!!
You feel threatened and lose the ability to read scrolls!
You barely miss FexLirch's ghost.
Your tail-slap misses FexLirch's ghost.
FexLirch's ghost is lightly damaged.
FexLirch's ghost freezes you.
You are frozen!!
* * * LOW HITPOINT WARNING * * *
You slash FexLirch's ghost!
FexLirch's ghost is moderately damaged.
You feel yourself speed up.
FexLirch's ghost screams, "You will never get the ORB!"
FexLirch's ghost hits you.
* * * LOW HITPOINT WARNING * * *
You feel yourself slow down. FexLirch's ghost freezes you.
* * * LOW HITPOINT WARNING * * *
You closely miss FexLirch's ghost.
Your tail-slap misses FexLirch's ghost.
FexLirch's ghost is moderately damaged.
FexLirch's ghost points at you and mumbles some strange words.
The stone arrow hits you!
* * * LOW HITPOINT WARNING * * *
You closely miss FexLirch's ghost.
FexLirch's ghost is moderately damaged.
You feel yourself speed up. FexLirch's ghost casts a spell at you.
The stone arrow hits you!!
* * * LOW HITPOINT WARNING * * *
You closely miss FexLirch's ghost.
FexLirch's ghost is moderately damaged.
You slice FexLirch's ghost!! You burn FexLirch's ghost.
FexLirch's ghost is heavily damaged.
FexLirch's ghost hits you but does no damage.
Unknown command.
You miss FexLirch's ghost.
FexLirch's ghost is heavily damaged.
FexLirch's ghost points at you and mumbles some strange words.
The stone arrow hits you!!!
You die...

.####.#.## ###...#.##+###......##
..# #.##.###.#....#...##.......##
..# #......[.....##.....##.....##
..# ##......##..........P#......P
.#####.....#.....#.......#.......
#.#.#......###....#.....##.....##
##..#P..#..##...########.......##
....####..####..#§§ ####.P.....##
...P#.##....#...@W§ #...........#
................#§§ #............
#######..###.###### #..#######P#P
#### ### #.## #### ###


You could see FexLirch's ghost.

Vanquished Creatures
  Erica (D:8)
  A hydra (Lair:2)
  Amaemon (D:8)
  Pikel (D:6)
  A manticore (D:7)
  2 black mambas (Lair:2)
  An orange demon (D:8)
  Maurice (D:8)
  Maggie (D:7)
  Psyche (D:8)
  3 komodo dragons
  6 cane toads (Lair:2)
  A hornet (D:8)
  4 blink frogs (Lair:2)
  2 culicivoras (Lair:2)
  A wyvern (D:7)
  18 yaks
  6 vampire mosquitoes (Lair:1)
  Edmund (D:6)
  2 wargs (D:8)
  3 water moccasins
  3 ice beasts
  An orc warrior (D:8)
  2 sky beasts
  2 black bears
  An ogre (D:7)
  15 wolves
  2 centaurs
  A lemure (D:6)
  3 phantoms
  2 kobold brigands
  8 bullfrogs
  A necrophage (D:6)
  3 scorpions
  4 wights (D:7)
  8 killer bees (D:8)
  2 howler monkeys
  7 hounds
  2 jellies
  3 iguanas
  4 orc priests
  4 orc wizards
  8 adders
  3 shadow imps (D:7)
  A white imp (D:8)
  An ufetubus (D:4)
  3 worms
  4 dart slugs
  27 orcs
  2 bats (D:2)
  7 endoplasms
  4 giant cockroaches
  4 goblins
  3 hobgoblins
  8 jackals
  14 kobolds
  5 quokkas
  8 ball pythons
  A frilled lizard (D:1)
  2 rats (D:3)
241 creatures vanquished.

Vanquished Creatures (others)
  An orc wizard (D:7)
  2 fungi (Lair:1)
  4 plants
7 creatures vanquished.

Grand Total: 248 creatures vanquished

Notes
Turn   | Place    | Note
-------+----------+-------------------------------------------
     0 | D:1      | melkoren the Draconian Berserker began the quest for the
                  | Orb.
     0 | D:1      | Reached XP level 1. HP: 19/19 MP: 1/1
   262 | D:1      | Reached XP level 2. HP: 26/26 MP: 2/2
  1210 | D:1      | Gained mutation: You sometimes lose your temper in combat.
                  | [potion of mutation]
  1210 | D:1      | Gained mutation: You are weak. (Str -2) [potion of
                  | mutation]
  1210 | D:1      | Gained mutation: You occasionally lose the ability to read
                  | scrolls when taking damage. [potion of mutation]
  1210 | D:1      | Gained mutation: You are robust. (+10% HP) [potion of
                  | mutation]
  1305 | D:2      | Reached XP level 3. HP: 31/36 MP: 3/3
  1876 | D:2      | Found a faded altar of an unknown god.
  2379 | D:2      | Reached ** piety under Trog
  2388 | D:2      | Reached skill level 1 in Shields
  2551 | D:2      | Lost mutation: You sometimes lose your temper in combat.
                  | [potion of mutation]
  2551 | D:2      | Lost mutation: You are weak. (Str -2) [potion of mutation]
  2551 | D:2      | Gained mutation: You are partially covered in large bone
                  | plates. (SH +4) [potion of mutation]
  2551 | D:2      | Gained mutation: You are mostly covered in large bone
                  | plates. (SH +6) [potion of mutation]
  3145 | D:3      | Reached XP level 4. HP: 34/44 MP: 4/4
  3231 | D:3      | Found a radiant altar of Vehumet.
  3421 | D:3      | Reached skill level 4 in Axes
  3754 | D:3      | Identified the +7 short sword of Calamity {freeze, Fly
                  | rElec rF+ Int+2}
  3760 | D:3      | Reached XP level 5. HP: 49/50 MP: 5/5
  4234 | D:4      | Found a bloodstained altar of Trog.
  4240 | D:4      | Noticed a phantom
  4259 | D:4      | Killed a phantom
  4342 | D:4      | Reached XP level 6. HP: 43/58 MP: 6/6
  4643 | D:4      | Reached skill level 5 in Axes
  5089 | D:5      | Entered Level 5 of the Dungeon
  5186 | D:5      | Found a staircase to the Ecumenical Temple.
  5201 | D:5      | Found an ornate altar of the Wu Jian Council.
  5228 | D:5      | Reached *** piety under Trog
  5239 | D:5      | Reached skill level 5 in Fighting
  5414 | D:5      | Your scales start taking on a pale cyan-grey colour.
  5414 | D:5      | Reached XP level 7. HP: 64/67 MP: 7/7
  5414 | D:5      | Gained mutation: You are immune to the effects of steam.
                  | [Pale Draconian growth]
  5645 | D:5      | Reached skill level 6 in Axes
  5847 | D:5      | Found a stormy altar of Qazlal.
  5850 | D:5      | Found a glowing golden altar of the Shining One.
  6491 | D:5      | Identified a scroll of acquirement
  6491 | D:5      | Acquired a +3 battleaxe of flaming
  6570 | D:6      | Found Asaxuehola's Book Shoppe.
  6570 | D:6      | Noticed Edmund
  6580 | D:6      | Killed Edmund
  6581 | D:6      | Reached skill level 7 in Axes
  6581 | D:6      | Reached XP level 8. HP: 57/77 MP: 4/8
  6698 | D:6      | Noticed Pikel
  6709 | D:6      | Killed Pikel
  6710 | D:6      | Reached skill level 8 in Axes
  6710 | D:6      | Reached skill level 5 in Dodging
  6796 | D:6      | Identified the +0 plate armour "Tuika" {rPois Int+7}
  6826 | D:6      | Identified the +1 pair of gloves "Kufuna" {Str+5 Int+2}
  6972 | D:6      | Identified the +0 pair of boots of the Desert {rPois rF-
                  | rCorr MP+9}
  7001 | D:6      | Found a shadowy altar of Dithmenos.
  7009 | D:6      | Found a hide-covered altar of Uskayaw.
  7071 | D:6      | Reached XP level 9. HP: 86/86 MP: 9/9
  7408 | D:7      | Noticed Maggie
  7543 | D:7      | Noticed a manticore
  7928 | D:7      | Reached skill level 9 in Axes
  8578 | D:7      | Reached **** piety under Trog
  8639 | D:7      | Killed a manticore
  8640 | D:7      | Reached skill level 10 in Axes
  9391 | D:7      | Killed Maggie
  9893 | D:8      | Found a basalt altar of Yredelemnul.
  9899 | D:8      | Noticed Psyche
  9910 | D:8      | Killed Psyche
  9911 | D:8      | Reached XP level 10. HP: 95/99 MP: 10/10
 10296 | D:8      | Noticed Amaemon
 10296 | D:8      | Noticed an orange demon
 10307 | D:8      | Killed Amaemon
 10308 | D:8      | Reached skill level 11 in Axes
 10319 | D:8      | Killed an orange demon
 10756 | D:8      | Noticed Erica
 10761 | D:8      | Killed Erica
 10792 | D:8      | Noticed Maurice
 10803 | D:8      | Killed Maurice
 11063 | D:8      | Reached skill level 12 in Axes
 11068 | D:8      | Found a staircase to the Lair.
 11323 | Lair:1   | Entered Level 1 of the Lair of Beasts
 11486 | Lair:1   | Reached XP level 11. HP: 105/108 MP: 11/11
 11499 | Lair:1   | Reached skill level 10 in Fighting
 12198 | Lair:1   | Reached skill level 13 in Axes
 12554 | Lair:1   | Reached ***** piety under Trog
 13344 | Lair:2   | Found a staircase to the Shoals.
 13361 | Lair:2   | Found a runed translucent door.
 13380 | Lair:2   | Noticed FexLirch's ghost (journeyman DgIE)
 13456 | Lair:2   | Noticed a seven-headed hydra
 13463 | Lair:2   | Killed a five-headed hydra
 13609 | Lair:2   | Found a hole to the Spider Nest.
 13758 | Lair:2   | Reached skill level 14 in Axes
 13930 | Lair:2   | Reached XP level 12. HP: 107/121 MP: 12/12
 14336 | Lair:2   | Killed from afar by FexLirch's ghost

Illustrated notes

Levels and vault maps discovered:
D:1:      ebering_trefoil_twist, layout_basic
D:2:      minmay_inner_zag, layout_basic, shapermc_ecumenical_altar_ellora,
          minivault_25, minivault_14
D:3:      wander_river, layout_loops_corners, mainiacjoe_overflow_alcove_1
D:4:      layout_loops_ring, amcnicky_altar_gilded
D:5:      layout_layer_cave, nicolae_wu_jian_wuxing_cycle,
          nicolae_overflow_squiral, temple_doors_e, cheibrodos_sewer_entry_drain
D:6:      layout_loops_ring, nicolae_overflow_hidden_temple, serial_shops, shop,
          solitary_fountain, minmay_checkerbox, uniq_edmund, uniq_pikel
D:7:      layout_rooms, minmay_misc_feat_iff, uniq_maggie
D:8:      layout_basic, lemuel_crystal_altar, erik_lair_orcish_takeover,
          enter_bailey_2, uniq_psyche, uniq_maurice, uniq_amaemon, uniq_erica
Lair:1:   layout_gridlike, pond, grunt_megastairs_5
Lair:2:   layout_regular_city, elwin_shoals_entry_rocks,
          hellmonk_spider_entry_life_and_decay, ebering_ghost_inner_flame,
          nicolae_lair_lil_pond

Skill      XL: |  1  2  3  4  5  6  7  8  9 10 11 |
---------------+----------------------------------+-----
Dodging        | 3 4 5 7 8 9 |  9.7
Shields        | 1 2 |  2.0
Fighting       | 4 5 7 8 9 11 | 11.4
Axes           | 4 5 7 8 10 12 14 | 14.3

Action                   |  1- 3 |  4- 6 |  7- 9 | 10-12 || total
-------------------------+-------+-------+-------+-------++-------
Melee: Hand axe          |   109 |    49 |       |       ||   158
       Tailslap          |    21 |     8 |    22 |    31 ||    82
       Short sword       |       |    70 |    68 |       ||   138
       Battleaxe         |       |       |   141 |   271 ||   412
Throw: Boomerang         |       |     4 |       |       ||     4
Invok: Berserk           |       |     3 |     2 |     4 ||     9
  Use: Scroll            |     4 |     3 |     5 |       ||    12
       Potion            |     6 |     3 |     3 |       ||    12
Armor: Skin              |    27 |    26 |    65 |    69 ||   187
Dodge: Dodged            |    56 |    58 |   114 |   187 ||   415
Block: Buckler           |    12 |    61 |    35 |       ||   108
       Other             |       |       |    34 |   107 ||   141
